 Dungeon Crawl Stone Soup version 0.31.0-32-g396128a36d (webtiles) character file.

Game seed: 6742011582230566105

95 Killerpretzel the Changeling (level 4, -5/29 HPs)
             Began as an Octopode Shapeshifter on Mar 8, 2024.
             Slain by Pikel
             ... wielding a +1 whip of flaming
              (8 damage)
             ... on level 4 of the Dungeon.
             The game lasted 00:02:03 (2533 turns).

Killerpretzel the Changeling (OpSh)                 Turns: 2533, Time: 00:02:04

Health: -5/29      AC:  5    Str: 13    XL:     4   Next: 65%
Magic:  4/4        EV: 13    Int: 12    God:
Gold:   108        SH:  0    Dex: 13    Spells: 3/3 levels left

rFire   . .          .
                       - Unarmed
rCold   . . .        (no shield)
rNeg    . . .        (helmet currently unavailable)
rPois   .            (no amulet)
rElec   .            d - +4 ring of protection
rCorr   .            (no ring)
SInv    .            (no ring)
Will    .....        (no ring)
Stlth   ++           (no ring)
HPRegen 0.24/turn    (no ring)
MPRegen 0.09/turn    (no ring)
                     (no ring)

%: no passive effects
@: beast-form
A: beast (slay +2), almost no armour, amphibious, 8 rings, camouflage 1,
gelatinous body 1, (nimble swimmer 1), tentacles
a: Begin Untransformation


You were on level 4 of the Dungeon.
You were a hulking beast.
You visited 1 branch of the dungeon, and saw 4 of its levels.

You collected 108 gold pieces.

Inventory:

Hand Weapons
 h - the +6 scimitar of the Bequeathed God {flame, Will+ Dex+5}
   (You found it on level 3 of the Dungeon)

   Dex+5:     It affects your dexterity (+5).
   Will+:     It increases your willpower.
 j - the +5 war axe of Yfreupn {speed, rElec rN++ Str+2 Dex-3}
   (You found it on level 3 of the Dungeon)

   Str+2:     It affects your strength (+2).
   Dex-3:     It affects your dexterity (-3).
   rElec:     It insulates you from electricity.
   rN++:      It greatly protects you from negative energy.
Missiles
 m - 3 poisoned darts (quivered)
Jewellery
 d - a +4 ring of protection (left tentacle)
Talismans
 b - a beast talisman
 c - a flux talisman
Scrolls
 l - a scroll of identify
Potions
 a - a potion of lignification
 e - a potion of resistance {unknown}
 f - a potion of heal wounds {unknown}
 g - 3 potions of brilliance
 i - a potion of mutation {unknown}
 k - a potion of attraction {unknown}


   Skills:
 + Level 2.0 Fighting
 + Level 2.7 Dodging
 + Level 3.5 Unarmed Combat
 * Level 3.9 Shapeshifting


You had 3 spell levels left.
You didn't know any spells.
Your spell library was empty.

Dungeon Overview and Level Annotations

Branches:
Dungeon (4/15)
 Temple: D:4-7

Altars:
Okawaru

Annotations:
D:4 Pikel


Innate Abilities, Weirdness & Mutations

You are a hulking beast.
Your limbs bulge with bestial killing power. (Slay +2)
You cannot wear most types of armour.
You are amphibious.
You can wear up to eight rings at the same time.
Your skin changes colour to match your surroundings (Stealth+).
Your rubbery body absorbs attacks. (AC +1, EV +1)
((You are camouflaged when in or above water. (Stealth+)))
You have tentacles for arms and can constrict up to eight enemies at once.


Message History

The lemure shouts!
You hear a shout!
You throw a poisoned dart. The poisoned dart hits the lemure.
The lemure is poisoned.
Pikel shouts!
The lemure shouts!
A lemure comes into view.
You throw a poisoned dart. The poisoned dart hits the lemure.
You barely miss the lemure. Your grab misses the lemure.
The lemure is lightly wounded.
There are monsters nearby!
You tentacle-slap the lemure. Your grab misses the lemure.
The lemure is moderately wounded.
The lemure closely misses you.
You tentacle-slap the lemure but do no damage.
Your grab misses the lemure.
The lemure is moderately wounded.
The lemure misses you.
You tentacle-slap the lemure. Your grab misses the lemure.
The lemure is heavily wounded.
The lemure closely misses you.
You tentacle-slap the lemure. You grab the lemure.
Your tentacle-slap misses the lemure.
The lemure is severely wounded.
You constrict the lemure.
You lose your grip on the lemure.
You closely miss Pikel. Your grab misses Pikel. You barely miss Pikel.
Your grab misses Pikel.
The lemure looks more healthy.
Pikel hits you with a +1 whip of flaming!
Pikel burns you.
You tentacle-slap Pikel but do no damage.
You grab Pikel. You squeeze Pikel.
Pikel is lightly wounded.
You constrict Pikel, but do no damage.
Pikel zaps a wand.
Your mind is blasted!
Ouch! That really hurt!
* * * LOW HITPOINT WARNING * * *
You tentacle-slap Pikel but do no damage.
You squeeze Pikel.
Pikel is moderately wounded.
You constrict Pikel, but do no damage.
Pikel hits you with a +1 whip of flaming!
You die...
Pikel says, "Another soul for the market."

#.##.# #.##.# ###
(# #.##.# #.. .#
#.##.# #.# 5#
#.##.# #.# 5#
#.##.# ###.####.#5#
#.##.# #.)......#5#
.....# #.#.######K#
#.######.#......h.#
#........#.########
########.#.# #####


You could see Pikel and 4 lemures.

Vanquished Creatures
  2 adders
  7 orcs (D:3)
  5 ball pythons
  5 endoplasms
  6 giant cockroaches
  12 goblins
  6 hobgoblins
  2 quokkas
  5 bats
  2 frilled lizards
  6 kobolds
  4 rats
62 creatures vanquished.

Notes
Turn   | Place    | Note
-------+----------+-------------------------------------------
     0 | D:1      | Killerpretzel the Octopode Shapeshifter began the quest for
                  | the Orb.
     0 | D:1      | Reached XP level 1. HP: 13/13 MP: 1/1
   122 | D:1      | Reached XP level 2. HP: 17/18 MP: 2/2
   282 | D:1      | Reached XP level 3. HP: 17/23 MP: 3/3
   875 | D:1      | You fall into a shaft and drop 1 floor!
   875 | D:2      | Found an iron altar of Okawaru.
  1544 | D:2      | Reached XP level 4. HP: 29/29 MP: 4/4
  2137 | D:3      | Identified the +6 scimitar of the Bequeathed God {flame,
                  | Will+ Dex+5}
  2173 | D:3      | Identified the +5 war axe of Yfreupn {speed, rElec rN++
                  | Str+2 Dex-3}
  2522 | D:4      | Noticed Pikel
  2522 | D:4      | Noticed a lemure
  2522 | D:4      | Noticed a lemure
  2522 | D:4      | Noticed a lemure
  2523 | D:4      | Noticed a lemure
  2533 | D:4      | Slain by Pikel

Illustrated notes

Levels and vault maps discovered:
D:1:      erik_arrival_blinker_ship, layout_basic
D:2:      layout_loops_corners, basic_altar
D:3:      layout_rooms, serial_corexii_hall, chequers_hall_statues_y,
          corexii_hall_statues_i, corexii_hall_statues_i,
          corexii_hall_statues_i, minivault_14, minivault_14, dk_noncrumbling_2
D:4:      layout_basic, serial_undead, serial_undead_c, serial_undead_c,
          serial_undead_f, serial_undead_f, uniq_pikel

Skill      XL: |  1  2  3  4 |
---------------+-------------+-----
Fighting       | 2 |  2.0
Dodging        | |  2.7
Unarmed Combat | |  3.5
Shapeshifting  | |  3.9

Action                     |  1- 3 |  4- 6 || total
---------------------------+-------+-------++-------
  Melee: Unarmed           |    71 |    47 ||   118
         Constrict         |    21 |    13 ||    34
         Tentacles         |    16 |     8 ||    24
         Punch             |       |     1 ||     1
  Throw: Dart              |       |     2 ||     2
    Use: Scroll            |       |     5 ||     5
   Stab: Sleeping          |     8 |     1 ||     9
 Armour: Skin              |    26 |    18 ||    44
  Dodge: Dodged            |    44 |    29 ||    73
